 Dungeon Crawl Stone Soup version 0.23-a0-582-g1b4a0ca (webtiles) character file.

137 Lanoc the Skirmisher (level 5, -2/47 HPs)
             Began as a Hill Orc Fighter on Dec 16, 2018.
             Killed from afar by an orc wizard (5 damage)
             ... with a puff of flame
             ... on level 3 of the Dungeon.
             The game lasted 00:04:25 (1498 turns).

Lanoc the Skirmisher (Hill Orc Fighter)             Turns: 1498, Time: 00:04:26

Health: -2/47      AC:  7    Str: 17 (20) XL:     5   Next: 20%
Magic:  5/5        EV:  9    Int:  6 (8)  God:
Gold:   112        SH:  0    Dex:  8 (10) Spells: 4/4 levels left

rFire    . . .     SeeInvis .   a - +0 war axe
rCold    . . .     Gourm    .   (no shield)
rNeg     . . .     Faith    .   b - +0 scale mail
rPois    .         Spirit   .   (no helmet)
rElec    .         Reflect  .   (no cloak)
rCorr    .         Harm     .   (no gloves)
MR       .....                  (no boots)
Stlth    ..........             (no amulet)
HPRegen  0.15/turn              (no ring)
MPRegen  0.09/turn              (no ring)

@: confused, flying
A: no striking features
a: no special abilities


You were on level 3 of the Dungeon.
You were not hungry.

You visited 1 branch of the dungeon, and saw 3 of its levels.

You collected 112 gold pieces.

Inventory:

Hand Weapons
 a - a +0 war axe (weapon)
Armour
 b - a +0 scale mail (worn)
 c - a +0 shield
Scrolls
 e - a scroll of teleportation {unknown}
 h - 2 scrolls of identify {unknown}
 i - 3 scrolls of remove curse {unknown}
Comestibles
 f - 7 rations
 g - 12 chunks of flesh


   Skills:
 + Level 4.8 Fighting
 * Level 4.8 Axes
 + Level 4.4 Armour
 - Level 3.2 Shields


You had 4 spell levels left.
You didn't know any spells.
Your spell library was empty.

Dungeon Overview and Level Annotations

Branches:
Dungeon (3/15)

Altars:
Kikubaaqudgha


Message History

You feel very buoyant.
You fly up into the air.
You hear some strange, mumbled words.
A magic dart appears from out of thin air!
The magic dart hits you!
You closely miss something. Something hits you but does no damage.
You hear some strange, mumbled words.
A magic dart appears from out of thin air!
The magic dart hits you!
You miss something. Something hits you.
* * * LOW HITPOINT WARNING * * *
You hit something but do no damage. Something hits you but does no damage.
You closely miss something.
You hear some strange, mumbled words.
You are confused.
You barely miss something.
Something hits you but does no damage. x2
You hear some strange, mumbled words.
A puff of flame appears from out of thin air!
The puff of flame hits you!
You die...

# ##..###..... ##
#..#........ .###
####.#..##.....
...#######........#...
##รท.)..#..........#.#
#####(((#..........#
###....).......##
#....)...$...{)#
#.....##......@..#
....#####........##
.... #..(.....# .##
#........# ....#...###
##.......# #.....#..
....#. . ####.


There were no monsters in sight!

Vanquished Creatures
  4 adders
  An ooze (D:2)
  7 worms
  3 dart slugs
  2 leopard geckos
  7 orcs
  A giant cockroach (D:2)
  4 goblins
  7 hobgoblins
  6 jackals (D:2)
  A quokka (D:2)
  7 bats
  3 frilled lizards (D:2)
  6 kobolds
  5 rats
64 creatures vanquished.

Notes
Turn   | Place    | Note
-------+----------+-------------------------------------------
     0 | D:1      | Lanoc the Hill Orc Fighter began the quest for the Orb.
     0 | D:1      | Reached XP level 1. HP: 19/19 MP: 1/1
    58 | D:1      | Reached XP level 2. HP: 26/27 MP: 2/2
   696 | D:2      | Reached XP level 3. HP: 32/33 MP: 3/3
   787 | D:2      | Found an ancient bone altar of Kikubaaqudgha.
   947 | D:2      | Reached XP level 4. HP: 14/41 MP: 4/4
  1423 | D:3      | Reached XP level 5. HP: 19/47 MP: 5/5
  1494 | D:3      | HP: 2/47 [something (1)]
  1498 | D:3      | Killed from afar by an orc wizard

Vault maps used:
D:1:      scummos_arrival_star
D:2:      cheibrodos_helix_gallery, marbit_many_paths,
          nicolae_overflow_crystal_walls, first_ration, minmay_door_square

Skill      XL: |  1  2  3  4 |
---------------+-------------+-----
Axes           | 3 4 |  4.8
Fighting       | 4 |  4.8
Armour         | 4 |  4.4
Shields        | |  3.2

Action                   |  1- 3 |  4- 6 || total
-------------------------+-------+-------++-------
Melee: War axe           |   106 |    86 ||   192
  Use: Potion            |       |     6 ||     6
  Eat: Chunk             |       |     2 ||     2
Armor: Scale mail        |    38 |    34 ||    72
       Skin              |       |    16 ||    16
Dodge: Dodged            |    27 |    38 ||    65
Block: Shield            |    47 |     7 ||    54

Table legend:
 A = Non-vault XP
 B = Vault XP
 C = Vault XP percentage of total XP
 D = Non-vault monster count
 E = Vault monster count
 F = Vault count percentage of total count
                 A         B        C        D         E       F
            +---------+---------+-------+---------+---------+-------
      Total |     192 |       5 |   2.5 |      62 |       2 |   3.1
            +---------+---------+-------+---------+---------+-------
        D:1 |      27 |       0 |   0.0 |      16 |       0 |   0.0
        D:2 |     109 |       5 |   4.4 |      29 |       2 |   6.5
        D:3 |      56 |       0 |   0.0 |      17 |       0 |   0.0
            +---------+---------+-------+---------+---------+-------
